 Dungeon Crawl Stone Soup version 0.25.1-2-g60ff931df9 (webtiles) character file.

Game seed: 8965911498849850143

29 Ayoxin the Grasshopper (level 3, 0/18 HPs)
             Began as a Spriggan Warper on July 30, 2020.
             Slain by a jackal (2 damage)
             ... on level 1 of the Dungeon.
             The game lasted 00:06:18 (1230 turns).

Ayoxin the Grasshopper (Spriggan Warper)            Turns: 1230, Time: 00:06:18

Health: 0/18       AC:  2    Str:  7    XL:     3   Next: 1%
Magic:  5/8        EV: 19    Int: 14    God:
Gold:   13         SH:  0    Dex: 16    Spells: 3/7 levels left

rFire    . . .     SeeInvis +   a - +0 short sword
rCold    . . .     Gourm    .   (shield restricted)
rNeg     . . .     Faith    .   b - +0 robe
rPois    .         Spirit   .   (helmet restricted)
rElec    .         Reflect  .   (no cloak)
rCorr    .         Harm     .   (gloves unavailable)
MR       .....                  (boots unavailable)
Stlth    +.........             (no amulet)
HPRegen  0.06/turn              (no ring)
MPRegen  0.11/turn              (no ring)

@: very quick
A: very small, unfitting armour, see invisible, herbivore, speed 3, slow
metabolism 2
a: no special abilities


You were on level 1 of the Dungeon.
You were not hungry.

You visited 1 branch of the dungeon, and saw 1 of its levels.

You collected 13 gold pieces.

Inventory:

Hand Weapons
 a - a +0 short sword (weapon)
Missiles
 e - 5 boomerangs of dispersal (quivered)
Armour
 b - a +0 robe (worn)
Comestibles
 f - a ration


   Skills:
 + Level 2.0 Fighting
 + Level 2.6 Short Blades
 + Level 1.0 Throwing
 + Level 4.3 Dodging
 + Level 2.9 Spellcasting
 + Level 4.6 Translocations


You had 3 spell levels left.
You knew the following spells:

 Your Spells              Type           Power        Failure   Level  Hunger
a - Blink                 Tloc           N/A          4%          2    ##.....
b - Shroud of Golubria    Chrm/Tloc      #.....       13%         2    ##.....

Your spell library contained the following spells:

 Spells                   Type           Power        Failure   Level  Hunger
 Gell's Gravitas          Tloc           ###.......   10%         3    ###....
 Lesser Beckoning         Tloc           ###.......   10%         3    ###....
 Teleport Other           Tloc           ###.....     10%         3    ###....
 Passage of Golubria      Tloc           N/A          32%         4    #####..


Dungeon Overview and Level Annotations

Branches:
Dungeon (1/15)

Altars:


Innate Abilities, Weirdness & Mutations

You are very small and have problems with some larger weapons.
You are too small for most types of armour.
You have supernaturally acute eyesight. (SInv)
You are a herbivore.
You cover ground extremely quickly.
You need to consume almost no food.


Message History

You aren't carrying any potions.
You aren't carrying any scrolls.
Casting: Blink (safe; 4% risk of failure)
Confirm with . or Enter, or press ? or * to list all spells.
You blink.
The dart slug launches a dart at you. The slug dart misses you.
Casting: Blink (safe; 4% risk of failure)
Confirm with . or Enter, or press ? or * to list all spells.
You blink.
You hit the jackal but do no damage. The jackal misses you.
The jackal bites you.
* * * LOW HITPOINT WARNING * * *
You hit the jackal.
The jackal is lightly wounded.
The jackal misses you.
You completely miss the jackal.
The jackal is lightly wounded.
The jackal bites you.
You die...

#.##..............
#.###l####.#.#####
#.# #§# #.#.# #.#
#†# #.#.# #.# #.#
#.#.# #.# #.#
..#.# #.# #.#
###(# #h# #)# #.#
#@###.. #...#...
###.#>... #w##=...
#.# ...h. #w#
.h.h.l #.# #.#
#.######


You could see a dart slug and a jackal.

Vanquished Creatures
  3 dart slugs (D:1)
  2 ball pythons (D:1)
  A goblin (D:1)
  2 hobgoblins (D:1)
  5 jackals (D:1)
  A bat (D:1)
  A frilled lizard (D:1)
  2 kobolds (D:1)
  6 rats (D:1)
23 creatures vanquished.

Notes
Turn   | Place    | Note
-------+----------+-------------------------------------------
     0 | D:1      | Ayoxin the Spriggan Warper began the quest for the Orb.
     0 | D:1      | Reached XP level 1. HP: 10/10 MP: 5/5
   112 | D:1      | Reached XP level 2. HP: 7/15 MP: 6/6
   271 | D:1      | Learned a level 2 spell: Blink
   274 | D:1      | Learned a level 2 spell: Shroud of Golubria
  1197 | D:1      | Reached XP level 3. HP: 7/18 MP: 8/8
  1230 | D:1      | Slain by a jackal

Illustrated notes

Levels and vault maps discovered:
D:1:      onia_arrival_handbag, layout_basic

Skill      XL: |  1  2 |
---------------+-------+-----
Dodging        | 4 |  4.3
Fighting       | 2 |  2.0
Short Blades   | |  2.6
Throwing       | |  1.0
Spellcasting   | |  2.9
Translocations | |  4.6

Action                   || total
-------------------------++-------
Melee: Short sword       ||   127
 Cast: Blink             ||     5
  Use: Scroll            ||     3
       Potion            ||     1
 Stab: Distracted        ||     1
Armor: Robe              ||    13
Dodge: Dodged            ||   129
